 Dungeon Crawl Stone Soup version 0.29.1-1-gd02db6906a (webtiles) character file.

Game seed: 5830620026076994194

4 Icepheonix32 the Caller (level 1, 0/13 HPs)
             Began as a Merfolk Summoner on Oct 9, 2022.
             Slain by a goblin
             ... wielding a +0 dagger
              (4 damage)
             ... on level 1 of the Dungeon.
             The game lasted 00:00:22 (392 turns).

Icepheonix32 the Caller (Merfolk Summoner)           Turns: 392, Time: 00:00:23

Health: 0/13       AC:  2    Str:  8    XL:     1   Next: 60%
Magic:  1/3        EV: 12    Int: 14    God:
Gold:   3          SH:  0    Dex: 14    Spells: 3/4 levels left

rFire   . . .      SeeInvis .   e - +0 dagger
rCold   . . .      Faith    .   (no shield)
rNeg    . . .      Spirit   .   a - +0 robe
rPois   .          Reflect  .   (no helmet)
rElec   .          Harm     .   (no cloak)
rCorr   .          Rampage  .   (no gloves)
Will    .....                   (no boots)
Stlth   ++........              (no amulet)
HPRegen 0.04/turn               (no ring)
MPRegen 0.08/turn               (no ring)

@: no status effects
A: (nimble swimmer 2), mertail
a: no special abilities


You were on level 1 of the Dungeon.
You visited 1 branch of the dungeon, and saw 1 of its levels.

You collected 3 gold pieces.

Inventory:

Hand Weapons
 e - a +0 dagger (weapon)
Armour
 a - a +0 robe (worn)
Scrolls
 c - a scroll of identify {unknown}
Potions
 b - a potion of magic
 d - a potion of might {unknown}


   Skills:
 - Level 2.6 Dodging
 - Level 2.1 Stealth
 - Level 2.0 Spellcasting
 + Level 4.2 Summonings


You had 3 spell levels left.
You knew the following spells:

 Your Spells              Type           Power      Damage    Failure   Level
a - Summon Small Mammal   Summ           52%        N/A       4%          1

Your spell library contained the following spells:

 Spells                   Type           Power      Damage    Failure   Level
 Call Imp                 Summ           13%        N/A       6%          2
 Call Canine Familiar     Summ           13%        N/A       13%         3
 Summon Guardian Golem    Hex/Summ       7%         N/A       30%         3
 Summon Lightning Spire   Summ/Air       7%         N/A       69%         4


Dungeon Overview and Level Annotations

Branches:
Dungeon (1/15)

Altars:


Innate Abilities, Weirdness & Mutations

((You are very nimble when in or above water. (Stealth+, EV+, Speed+++)))
Your lower body shifts to a powerful aquatic tail in water.


Message History

You are too injured to fight recklessly!
You are too injured to fight recklessly!
You are too injured to fight recklessly!
Casting: Summon Small Mammal (safe; 4% risk of failure)
Confirm with . or Enter, or press ? or * to list all spells.
The kobold hits you but does no damage.
Casting: Summon Small Mammal (safe; 4% risk of failure)
Confirm with . or Enter, or press ? or * to list all spells.
The goblin shouts!
You hear a shout!
Your bat hits the kobold but does no damage.
The kobold barely misses you.
You hit the kobold.
You kill the kobold!
Your bat closely misses the goblin.
Your bat hits the goblin.
A hobgoblin comes into view.
Your bat barely misses the goblin.
Things that are here:
a +0 short sword; 5 stones; a kobold corpse
Found a fizzy pink potion.
Your bat misses the goblin.
Your bat closely misses the goblin.
A rat comes into view.
Your bat hits the goblin. x2
The goblin hits your bat with a +0 dagger.
Your bat closely misses the goblin.
Your bat barely misses the goblin.
The goblin hits your bat with a +0 dagger.
Your bat dies!
Your bat's corpse disappears in a puff of smoke!
The goblin shouts!
You hear an angry hiss.
Your bat closely misses the goblin.
Things that are here:
a +0 short sword; 5 stones; a kobold corpse
Okay, then.
You barely miss the goblin.
The goblin is heavily wounded.
Your bat closely misses the goblin.
A ball python comes into view.
The goblin hits you with a +0 dagger.
You die...

..! .. S..# ####.#
... .....## #..
....... #..
.......
#..........
.####..#...r...
.........b.....
######.@gg.....
..#.........
######.#.........
.......#.........
......#.........
## #...##........
#..#.............
#..#.............
#.....รท......####


You could see a hobgoblin, a goblin (ally target), a ball python, a rat and a
friendly bat (summoned).

Vanquished Creatures
  2 kobolds (D:1)
2 creatures vanquished.

Vanquished Creatures (collateral kills)
  An endoplasm (D:1)
  A giant cockroach (D:1)
2 creatures vanquished.

Grand Total: 4 creatures vanquished

Notes
Turn   | Place    | Note
-------+----------+-------------------------------------------
     0 | D:1      | Icepheonix32 the Merfolk Summoner began the quest for the
                  | Orb.
     0 | D:1      | Reached XP level 1. HP: 13/13 MP: 3/3
     5 | D:1      | Noticed an elephant
   392 | D:1      | Slain by a goblin

Illustrated notes

Levels and vault maps discovered:
D:1:      sevenhm_arrival_forest_fort_small_2, layout_basic, nicolae_wormholes

Action                   || total
-------------------------++-------
Melee: Unarmed           ||    15
       Dagger            ||     9
 Cast: Summon Small Mamm ||     6
Armor: Robe              ||     3
Dodge: Dodged            ||    12
